 Dungeon Crawl Stone Soup version 0.30-b1-2-g02819fbbbe (webtiles) character file.

Game seed: 9550410613777524002

35 Alarkh the Insei (level 3, 0/27 HPs)
             Began as a Demonspawn Warper on May 25, 2023.
             Slain by a hound (3 damage)
             ... on level 4 of the Dungeon.
             The game lasted 00:01:11 (1104 turns).

Alarkh the Insei (Demonspawn Warper)                Turns: 1104, Time: 00:01:12

Health: 0/27       AC:  4    Str: 11    XL:     3   Next: 17%
Magic:  6/6        EV: 11    Int: 16    God:
Gold:   24         SH:  0    Dex: 12    Spells: 1/6 levels left

rFire   . .          .
                       - Unarmed
rCold   . . .        (no shield)
rNeg    . . .        a - +0 leather armour
rPois   .            d - +0 helmet
rElec   .            (no cloak)
rCorr   .            (no gloves)
SInv    .            (no boots)
Will    .....        (no amulet)
Stlth   +            (no ring)
HPRegen 0.24/turn    (no ring)
MPRegen 0.10/turn

%: no passive effects
@: no status effects
A: demonic magic 1
a: no special abilities


You were on level 4 of the Dungeon.
You visited 1 branch of the dungeon, and saw 3 of its levels.

You collected 24 gold pieces.

Inventory:

Missiles
 c - 7 boomerangs of dispersal (quivered)
Armour
 a - a +0 leather armour (worn)
 d - a +0 helmet (worn)
Wands
 h - a wand of iceblast (6)
Scrolls
 b - 2 scrolls of blinking
 f - a scroll of teleportation {unknown}
Potions
 e - a potion of mutation {unknown}
 g - a potion of degeneration {unknown}


   Skills:
 - Level 2.0 Fighting
 - Level 0.8 Throwing
 - Level 0.8 Armour
 - Level 1.7 Dodging
 + Level 3.3 Unarmed Combat
 - Level 2.0 Spellcasting
 - Level 2.6 Translocations


You had one spell level left.
You knew the following spells:

 Your Spells              Type           Power      Damage    Failure   Level
a - Blink                 Tloc           20%        N/A       14%         2
b - Vhi's Electric Charg  Tloc/Air       10%        N/A       43%         3

Your spell library contained the following spells:

 Spells                   Type           Power      Damage    Failure   Level
 Apportation              Tloc           20%        N/A       9%          1
 Lesser Beckoning         Tloc           20%        N/A       14%         2
 Teleport Other           Tloc           10%        N/A       26%         3
 Manifold Assault         Tloc           10%        N/A       65%         4
 Alistair's Intoxication  Tmut/Pois      0%         N/A       100%        5


Dungeon Overview and Level Annotations

Branches:
Dungeon (2/15)

Altars:


Innate Abilities, Weirdness & Mutations

Spells you cast may paralyse adjacent enemies.


Message History

The orc shouts!
You hit the hound.
The hound is moderately wounded.
The hound closely misses you.
You closely miss the hound.
The hound is moderately wounded.
The hound bites you.
You closely miss the hound.
The hound is moderately wounded.
The hound bites you. The hound closely misses you.
You hit the hound.
The hound is moderately wounded.
The hound bites you but does no damage.
A hound comes into view.
The hound barks!
You hit the hound but do no damage.
The hound is moderately wounded.
The hound bites you. The hound closely misses you.
You hit the hound but do no damage.
The hound is moderately wounded.
The hound bites you.
You hit the hound.
The hound is heavily wounded.
The hound barely misses you.
You closely miss the hound.
The hound is heavily wounded.
The hound bites you. The orc closely misses you.
The hound bites you but does no damage. The hound attacks as you move away!
The hound bites you. The orc attacks as you move away! The orc misses you.
The orc attacks as you move away! The orc hits you with a +0 short sword.
* * * LOW HITPOINT WARNING * * *
The hound misses you. The hound bites you.
* * * LOW HITPOINT WARNING * * *
The hound attacks as you move away! The hound bites you but does no damage.
The hound attacks as you move away! The hound bites you.
* * * LOW HITPOINT WARNING * * *
The hound closely misses you. The hound misses you.
The hound attacks as you move away! The hound bites you.
You die...

#..# #...# .(
#..# #.#.# #.#
#..# #.#.# ...
#..# ##...##.#
#..# #.......#
##.## #.......##
#..# ##........#
##)###o........#
#...@h.....$.[#
####.h........#
##########..(
~.P~ .. .~~## .
####


You could see 2 hounds and an orc.

Vanquished Creatures
  2 dart slugs (D:1)
  A ball python (D:1)
  6 bats (D:1)
  3 endoplasms (D:1)
  A giant cockroach (D:1)
  6 goblins
  A hobgoblin (D:1)
  A quokka (D:1)
  3 frilled lizards (D:1)
  2 kobolds (D:1)
  2 rats (D:1)
28 creatures vanquished.

Vanquished Creatures (others)
  6 fungi (D:4)
6 creatures vanquished.

Grand Total: 34 creatures vanquished

Notes
Turn   | Place    | Note
-------+----------+-------------------------------------------
     0 | D:1      | Alarkh the Demonspawn Warper began the quest for the Orb.
     0 | D:1      | Reached XP level 1. HP: 16/16 MP: 3/3
   100 | D:1      | Reached skill level 2 in Unarmed Combat
   290 | D:1      | Gained mutation: Spells you cast may paralyse adjacent
                  | enemies. [demonic ancestry]
   290 | D:1      | Reached XP level 2. HP: 22/22 MP: 5/5
   547 | D:1      | Reached skill level 3 in Unarmed Combat
   638 | D:1      | Reached XP level 3. HP: 27/27 MP: 6/6
  1071 | D:2      | You fall into a shaft and drop 2 floors!
  1075 | D:4      | Learned a level 2 spell: Blink
  1079 | D:4      | Learned a level 3 spell: Vhi's Electric Charge
  1104 | D:4      | Slain by a hound

Illustrated notes

Levels and vault maps discovered:
D:1:      minmay_arrival_solitary_statue, layout_loops_corners
D:2:      layout_loops_ring, st_stairs_5, uniq_jessica
D:4:      layout_basic, makhleb_blood_cavern_becter, serial_aquarium,
          aquarium_bridge_square [aquarium_subvault_bridge,
          aquarium_subvault_wall, aquarium_subvault_bridge,
          aquarium_subvault_window], aquarium_bridge_square
          [aquarium_subvault_wall, aquarium_subvault_window,
          aquarium_subvault_bridge, aquarium_subvault_wall], aquarium_window_1,
          aquarium_window_corridor_1, aquarium_window_2, aquarium_view_2d,
          aquarium_view_2f, aquarium_balcony_5b, serial_shops, shop

Skill      XL: |  1  2 |
---------------+-------+-----
Unarmed Combat | 2 3 |  3.3
Fighting       | |  2.0
Throwing       | |  0.8
Armour         | |  0.8
Dodging        | |  1.7
Spellcasting   | |  2.0
Translocations | |  2.6

Action                     || total
---------------------------++-------
  Melee: Unarmed           ||   115
         Punch             ||     1
 Armour: Leather armour    ||    32
  Dodge: Dodged            ||    70
